 Dungeon Crawl Stone Soup version 0.28-a0-1447-ga5a8893891 (webtiles) character file.

Game seed: 7010819746794184963

91 dolemite99 the Chopper (level 4, -5/39 HPs)
             Began as a Minotaur Fighter on Jan 11, 2022.
             Was a Believer of Fedhas.
             Killed by divine providence
             ... invoked by an orc priest
              (16 damage)
             ... on level 3 of the Dungeon.
             The game lasted 00:01:49 (1797 turns).

dolemite99 the Chopper (Minotaur Fighter)           Turns: 1797, Time: 00:01:50

Health: -5/39      AC:  8    Str: 22    XL:     4   Next: 34%
Magic:  3/3        EV:  9    Int:  5    God:    Fedhas [**....]
Gold:   30         SH:  4    Dex: 10    Spells: 3/3 levels left

rFire   . . .      SeeInvis .   a - +0 war axe
rCold   . . .      Faith    .   c - +0 buckler
rNeg    . . .      Spirit   .   b - +2 scale mail
rPois   .          Reflect  .   (helmet restricted)
rElec   .          Harm     .   (no cloak)
rCorr   .          Rampage  .   (no gloves)
Will    .....                   (no boots)
Stlth   ..........              (no amulet)
HPRegen 0.13/turn               (no ring)
MPRegen 0.08/turn               (no ring)

@: mighty
A: horns 2, retaliatory headbutt
a: Renounce Religion, Wall of Briars


You were on level 3 of the Dungeon.
You worshipped Fedhas.
Fedhas was pleased with you.
You visited 1 branch of the dungeon, and saw 3 of its levels.

You collected 30 gold pieces.

Inventory:

Hand Weapons
 a - a +0 war axe (weapon)
 e - a +2 dagger of protection
Missiles
 h - 95 stones (quivered)
 i - 66 sling bullets
 k - 20 poisoned darts
Armour
 b - a +2 scale mail (worn)
 c - a +0 buckler (worn)
 f - the +5 chain mail of Erchup {-Tele rElec rPois}
   (You found it on level 2 of the Dungeon)

   rElec:     It insulates you from electricity.
   rPois:     It protects you from poison.
   -Tele:     It prevents most forms of teleportation.
Scrolls
 g - a scroll of vulnerability {unknown}
 j - 3 scrolls of teleportation
Potions
 l - 2 potions of heal wounds {unknown}
 m - a potion of haste {unknown}


   Skills:
 - Level 3.6 Fighting
 + Level 5.6 Axes
 - Level 3.6 Armour
 - Level 3.6 Shields


You had 3 spell levels left.
You didn't know any spells.
Your spell library contained the following spells:

 Spells                   Type           Power      Damage    Failure   Level
 Gell's Gravitas          Tloc           0%         N/A       99%         3
 Lesser Beckoning         Tloc           0%         N/A       99%         3
 Teleport Other           Tloc           0%         N/A       99%         3


Dungeon Overview and Level Annotations

Branches:
Dungeon (3/15)

Altars:
Fedhas


Innate Abilities, Weirdness & Mutations

You have a pair of horns on your head.
You reflexively headbutt those who attack you in melee.


Message History

The orc shouts!
The orc priest shouts! x2; The orc shouts! x2
There are monsters nearby!
There are monsters nearby!
Okay, then.
You feel very mighty all of a sudden.
You slash the orc!
You kill the orc!
Fedhas appreciates your contribution to the ecosystem.
The orc priest begins to cast a cantrip, but forgets the words!
Things that are here:
a +4 hand axe; a +0 leather armour; an orc corpse You barely miss the orc.
You barely miss the orc. The orc hits you but does no damage. x2
You slice the orc!!
You kill the orc!
Fedhas appreciates your contribution to the ecosystem.
The orc priest mumbles some strange prayers to Beogh against you.
Beogh smites you!
You closely miss the orc priest. You block the orc priest's attack.
The orc priest misses you.
You slash the orc priest! You headbutt the orc priest!
You kill the orc priest!
Fedhas appreciates your contribution to the ecosystem.
The orc hits you but does no damage.
Your life force feels restored.
You have reached level 4!
You feel agile.
You slash the orc!
You kill the orc!
Fedhas appreciates your contribution to the ecosystem.
You barely miss the orc priest.
The orc priest calls down the wrath of Beogh upon you.
Pain shoots through your body!
* * * LOW HITPOINT WARNING * * *
You slash the orc priest!
The orc priest is almost dead.
The orc priest mumbles some strange prayers to Beogh against you.
Beogh smites you!
You die...
Fedhas appreciates your contribution to the ecosystem.

.. #........†.. .###..
..###........... ..#..
..........<..... ....
.......#####..<. ...
##.............. #..
.........###.... #####..
.........####...
.......########......##..
#....o@.....#..###.....
#....######....#######.
#.... ###.......... #....
########### #.... #....
#####


You could see an orc priest.

Vanquished Creatures
  An orc priest (D:3)
  An adder (D:2)
  A dart slug (D:2)
  4 orcs
  2 ball pythons
  5 endoplasms
  2 giant cockroaches
  3 goblins
  5 hobgoblins
  6 kobolds
  3 quokkas (D:1)
  A bat (D:2)
  3 frilled lizards
  6 rats
43 creatures vanquished.

Notes
Turn   | Place    | Note
-------+----------+-------------------------------------------
     0 | D:1      | dolemite99 the Minotaur Fighter began the quest for the
                  | Orb.
     0 | D:1      | Reached XP level 1. HP: 19/19 MP: 0/0
    72 | D:1      | Reached skill level 3 in Axes
   159 | D:1      | Reached XP level 2. HP: 22/26 MP: 1/1
   209 | D:1      | Found a faded altar of an unknown god.
   222 | D:1      | Prayed at the altar of an unknown god.
   222 | D:1      | Became a worshipper of Fedhas Madash
   222 | D:1      | Reached * piety under Fedhas
   414 | D:1      | Reached skill level 4 in Axes
   777 | D:2      | Identified the +5 chain mail of Erchup {-Tele rElec rPois}
   809 | D:2      | Reached XP level 3. HP: 31/31 MP: 2/2
   908 | D:2      | Reached ** piety under Fedhas
  1557 | D:2      | Reached skill level 5 in Axes
  1795 | D:3      | Reached XP level 4. HP: 21/39 MP: 3/3
  1797 | D:3      | Killed from afar by an orc priest

Illustrated notes

Levels and vault maps discovered:
D:1:      evilmike_arrival_home_sweet_home, layout_basic,
          hellmonk_ecumenical_altar_blasted
D:2:      minmay_evil_eye, layout_basic, nrook_loot_triangle, patterned_corridor
D:3:      layout_rooms, elyvilon_altar_1, serial_shops, shop,
          hangedman_abyss_or_decor_lesser_grid, minmay_box_of_dots

Skill      XL: |  1  2  3 |
---------------+----------+-----
Axes           | 3 4 5 |  5.6
Fighting       | |  3.6
Armour         | |  3.6
Shields        | |  3.6

Action                   |  1- 3 |  4- 6 || total
-------------------------+-------+-------++-------
Melee: War axe           |    77 |     3 ||    80
       Headbutt          |    14 |       ||    14
Throw: Stone             |    34 |       ||    34
  Use: Scroll            |     6 |       ||     6
       Potion            |     1 |       ||     1
Armor: Scale mail        |    37 |       ||    37
Dodge: Dodged            |    22 |       ||    22
Block: Buckler           |    22 |       ||    22

Table legend: (Time is in decaauts)
 A = Elapsed time spent in this place.
 B = Non-inter-level travel time spent in this place.
 C = Inter-level travel time spent in this place.
 D = Time resting spent in this place.
 E = Time spent auto-exploring this place.
 F = Levels seen in this place.
 G = Mean time per level.
                   A        B        C        D        E       F      G
               +--------+--------+--------+--------+--------+-----+--------+
         Total |   1829 |   1746 |     83 |     36 |   1304 |   3 |  609.7 |
       Dungeon |   1829 |   1746 |     83 |     36 |   1304 |   3 |  609.7 |
               +--------+--------+--------+--------+--------+-----+--------+

Top non-repeatable levels by time:
     D:2: 979 daAuts
     D:1: 779 daAuts
     D:3: 70 daAuts
